 Dungeon Crawl Stone Soup version 0.31.0-32-g396128a36d (webtiles) character file.

Game seed: 3095562658361038451

90 Silvore the Covered (level 4, -4/40 HPs)
             Began as a Minotaur Fighter on Mar 10, 2024.
             Slain by Crazy Yiuf
             ... wielding a +4 quarterstaff of chaos
              (15 damage)
             ... on level 2 of the Dungeon on Mar 11, 2024.
             The game lasted 00:02:56 (1474 turns).

Silvore the Covered (Minotaur Fighter)              Turns: 1474, Time: 00:02:57

Health: -4/40      AC:  8    Str: 23    XL:     4   Next: 32%
Magic:  3/3        EV:  9    Int:  5    God:
Gold:   128        SH:  4    Dex:  9    Spells: 3/3 levels left

rFire   . . .        o - +0 mace
rCold   . . .        c - +0 buckler
rNeg    . . .        b - +0 scale mail
rPois   +            (helmet restricted)
rElec   .            n - +0 cloak
rCorr   .            (no gloves)
SInv    .            (no boots)
Will    .....        (no amulet) Stlth
                     k - ring of poison resistance
HPRegen 0.26/turn    (no ring)
MPRegen 0.08/turn

%: no passive effects
@: no status effects
A: horns 2, retaliatory headbutt
a: no special abilities


You were on level 2 of the Dungeon.
You visited 1 branch of the dungeon, and saw 2 of its levels.

You collected 128 gold pieces.

Inventory:

Hand Weapons
 a - a +0 flail
 o - a +0 mace (weapon)
Armour
 b - a +0 scale mail (worn)
 c - a +0 buckler (worn)
 n - a +0 cloak (worn)
Jewellery
 k - a ring of poison resistance (left hand)
Scrolls
 e - a scroll of silence
 f - 2 scrolls of poison
 h - a scroll of enchant armour {unknown}
 i - a scroll of butterflies {unknown}
 j - a scroll of identify
 l - a scroll of fear {unknown}
 q - 2 scrolls of fog {unknown}
Potions
 d - 2 potions of might
 g - a potion of magic
 m - a potion of enlightenment {unknown}
 p - a potion of heal wounds {unknown}
 r - a potion of brilliance {unknown}


   Skills:
 + Level 4.0 Fighting
 + Level 3.9 Maces & Flails
 + Level 4.4 Armour
 + Level 0.8 Dodging
 + Level 4.2 Shields


You had 3 spell levels left.
You didn't know any spells.
Your spell library was empty.

Dungeon Overview and Level Annotations

Branches:
Dungeon (2/15)

Altars:

Annotations:
D:2 Crazy Yiuf


Innate Abilities, Weirdness & Mutations

You have a pair of horns on your head.
You reflexively headbutt those who attack you in melee.


Message History

You hit the frilled lizard.
You kill the frilled lizard!
You see here an orb of wrath.
Found a stone staircase leading down.
A rat comes into view.
A rat is nearby!
A rat is nearby!
The rat bites you but does no damage.
You thump the rat!
You kill the rat!
r - a fuming silvery potion
Found a hammer.
You now have 128 gold pieces (gained 10).
Found a hammer.
Found a hammer.
Found a runed translucent door.
Crazy Yiuf shouts!
Crazy Yiuf says, "Dawk!
Ghoul bag Hive."
You open the door. You barely miss Crazy Yiuf.
Crazy Yiuf hits you with a +4 quarterstaff of chaos!
Crazy Yiuf burns you.
You hit Crazy Yiuf.
Crazy Yiuf is moderately wounded.
Crazy Yiuf says, "Seed broken sow!"
You block Crazy Yiuf's attack.
Crazy Yiuf hits you with a +4 quarterstaff of chaos!
Crazy Yiuf burns you.
You sock Crazy Yiuf!
Crazy Yiuf is severely wounded.
You block Crazy Yiuf's attack.
Okay, then.
You hit Crazy Yiuf.
Crazy Yiuf is almost dead.
Crazy Yiuf hits you with a +4 quarterstaff of chaos!
* * * LOW HITPOINT WARNING * * *
Crazy Yiuf draws strength from your wounds!
You thump Crazy Yiuf!
Crazy Yiuf is almost dead.
Crazy Yiuf hits you with a +4 quarterstaff of chaos!
You die...

##### ....# ####♣♣ ###
.##.###.#..♣♣ ♣♣#..)#
.##........)♣♣♣♣@g...#
#######......♣..♣#...#
.. .....#)..♣.♣♣♣ ###
## #######♣♣♣♣♣


You could see Crazy Yiuf.

Vanquished Creatures
  Robin (D:2)
  3 adders (D:2)
  A dart slug (D:2)
  A ribbon worm (D:2)
  5 ball pythons
  3 bats
  2 endoplasms
  A giant cockroach (D:2)
  9 goblins
  4 hobgoblins
  6 kobolds
  3 quokkas
  A frilled lizard (D:2)
  7 rats
47 creatures vanquished.

Notes
Turn   | Place    | Note
-------+----------+-------------------------------------------
     0 | D:1      | Silvore the Minotaur Fighter began the quest for the Orb.
     0 | D:1      | Reached XP level 1. HP: 19/19 MP: 0/0
    80 | D:1      | Reached XP level 2. HP: 25/27 MP: 1/1
   765 | D:2      | Noticed Robin
   775 | D:2      | Killed Robin
   776 | D:2      | Reached XP level 3. HP: 31/33 MP: 2/2
  1121 | D:2      | Reached XP level 4. HP: 37/40 MP: 3/3
  1465 | D:2      | Found a runed translucent door.
  1466 | D:2      | Noticed Crazy Yiuf
  1474 | D:2      | Slain by Crazy Yiuf

Illustrated notes

Levels and vault maps discovered:
D:1:      dpeg_arrival_ternary, layout_loops_ring, hangedman_decor_riveting
D:2:      minmay_spotlight, layout_loops_ring, uniq_robin,
          uniq_crazy_yiuf_cottage

Skill      XL: |  1  2 |
---------------+-------+-----
Armour         | 4 |  4.4
Fighting       | 4 |  4.0
Maces & Flails | 3 |  3.9
Shields        | 4 |  4.2
Dodging        | |  0.8

Action                     |  1- 3 |  4- 6 || total
---------------------------+-------+-------++-------
  Melee: Flail             |    66 |    20 ||    86
         Headbutt          |     7 |     1 ||     8
         Mace              |       |    14 ||    14
    Use: Scroll            |     3 |       ||     3
 Armour: Scale mail        |    68 |    24 ||    92
  Dodge: Dodged            |    27 |    12 ||    39
  Block: Buckler           |    15 |    10 ||    25
